[Event "Czech Championship U20 Open 2023"]
[Site "Jaromerice nad Rokytnou"]
[Date "2023.03.15"]
[Round "8.2"]
[White "Svanda, Ondrej"]
[Black "Gnojek, Petr"]
[Result "1-0"]
[ECO "B22"]
[WhiteElo "2366"]
[BlackElo "2313"]
[Annotator "TA"]
[PlyCount "73"]
[EventDate "2023.03.10"]
[EventType "tourn"]
[EventCountry "CZE"]
[SourceTitle "playchess.com"]
[Source "ChessBase"]
[SourceQuality "1"]
[TimeControl "40/5400+30:1800+30"]

1. e4 c5 2. c3 Nf6 3. e5 Nd5 4. Nf3 e6 5. d4 cxd4 6. cxd4 d6 7. Bc4 Nc6 8. O-O Be7 9. Qe2 O-O 10. Rd1 a6 11. Nc3 Nxc3 12. bxc3 dxe5 13. dxe5 Qa5 {[%emt 0:00:02] [#] B22: Sicilian: 2 c3.} 14. h4 $146 (14. Qe4 {is interesting.} Qa4 15. Bg5 h6 16. Bxe7 Nxe7 17. Rd4) ({Predecessor:} 14. Qe4 g6 15. Bh6 Rd8 16. Rxd8+ Qxd8 17. Qf4 Qc7 18. Rd1 Bd7 19. Ng5 Be8 20. Rd6 Rd8 21. Ne4 {1-0 Godena,M (2487)-Kozul,Z (2597) Nova Gorica op 05th 2000 (3)}) 14... Qa4 (14... Qxc3 $11 15. Bf4 Rd8) 15. h5 b5 {[%emt 0:06:52] White is slightly better.} 16. Bd3 {[%emt 0:00:17] Threatens to win with Bc2.} Rd8 17. Bg5 (17. Be3 {seems wilder.} Bb7 18. h6 Qg4 19. Bxh7+ Kh8 20. hxg7+ Kxg7 21. Be4) 17... Bb7 18. h6 $36 {[%emt 0:02:44][%mdl 2048] aiming for Be4. White is pushing.} g6 $2 {[%emt 0:00:48] White leaves nothing to chance now.} (18... Qg4 $11 19. Qe4 Qxe4 20. Bxe4 Bxg5 21. Nxg5 gxh6 22. Nxh7 Na5) 19. Be4 $16 Qa3 20. Qe3 Bxg5 (20... Rac8 $16 21. Qb6 Bxg5) 21. Qxg5 $18 {[%emt 0:00:12][%cal Od1d6] Rd6! would be deadly.} ({Don't take} 21. Nxg5 $6 Qe7 22. Qf4 Na5 $16) 21... Qf8 {[%emt 0:00:02] [#] Prevents Rd6.} 22. Bxc6 $1 Bxc6 {[%emt 0:00:06] [#]} 23. Nh2 a5 (23... Kh8 {might work better.} 24. Ng4 Bd5) 24. Ng4 {[%emt 0:01:27] Black is weak on the dark squares} a4 (24... Bd5 $142 25. Nf6+ Kh8) 25. Qf4 Qe7 $2 (25... Bd5 26. Nf6+ Kh8) 26. Nf6+ Kh8 27. Rd6 Bd5 (27... Rdc8 28. Rad1 Rc7) 28. Nxd5 exd5 29. Rd1 Kg8 30. R1xd5 {[%emt 0:00:15] Strongly threatening Qd4.} ({Less strong is} 30. R6xd5 Rab8 31. Rd6 Qf8 $18) 30... Rxd6 31. exd6 {[%emt 0:01:39][%cal Be5d6,Bd6d7,Bd7e8][%mdl 32] KQR-KQR} Qe1+ 32. Kh2 {[%emt 0:00:08] White wants to mate with Qf6.} Qxc3 33. d7 {[%emt 0:07:40] White mates.} Rd8 34. Re5 Qc6 {[%emt 0:00:57] [#]} 35. Qf6 $3 {[%emt 0:00:01][%mdl 576] Back Rank, Promotion} Qxf6 36. Re8+ {[%emt 0:00:01][%mdl 64] Back Rank} Rxe8 37. dxe8=R# {Excellently played by Svanda!   Weighted Error Value: White=0.16 (very precise) /Black=0.88} 1-0

[Event "Czech Championship U20 Open 2023"]
[Site "Jaromerice nad Rokytnou"]
[Date "2023.03.15"]
[Round "8.3"]
[White "Jares, Michal"]
[Black "Mica, Marek"]
[Result "1/2-1/2"]
[ECO "A05"]
[WhiteElo "2177"]
[BlackElo "2248"]
[Annotator "TA"]
[PlyCount "157"]
[EventDate "2023.03.10"]
[EventType "tourn"]
[EventCountry "CZE"]
[SourceTitle "playchess.com"]
[Source "ChessBase"]
[SourceQuality "1"]
[TimeControl "40/5400+30:1800+30"]

1. Nf3 Nf6 2. g3 b6 3. Bg2 Bb7 4. O-O g6 5. c4 Bg7 6. Nc3 O-O 7. d4 Ne4 8. Nxe4 Bxe4 9. Bf4 {[%emt 0:00:49] A50: Queen's Fianchetto Defence (1 d4 Nf6 2 c4 b6).} d6 10. Qd2 Re8 11. Bh6 {[%emt 0:02:35] White is slightly better.} Bf6 {[%emt 0:01:29] [#]} 12. Rfd1 $146 ({Predecessor:} 12. Rad1 Nd7 13. h4 c5 14. Qf4 Bb7 15. d5 b5 16. b3 Qa5 17. Rd2 bxc4 18. bxc4 {0-1 Kanmazalp,O (2447)-Andreikin,D (2723) EU-ch 18th Minsk 2017 (2)}) 12... Nd7 13. Rac1 c5 14. h4 Rb8 15. Be3 h5 16. b3 Qc7 17. Ng5 (17. Bh3 $5 ) 17... Bxg2 18. Kxg2 Bg7 19. Qd3 Nf6 20. Bd2 Qb7+ 21. Kg1 cxd4 22. Qxd4 Nh7 23. Qd5 Nxg5 (23... Qxd5 {simplifies} 24. cxd5 Nf6 25. e4 Rbc8) 24. Bxg5 Rec8 25. e4 Rc7 26. Kg2 (26. a4 {is interesting.} Qc8 27. Kg2 Bb2 28. Rc2) 26... Qxd5 27. exd5 Kh7 (27... Bb2 $5 ) 28. Rc2 Bh6 29. Rdc1 Rbc8 30. Re1 Bxg5 31. hxg5 $11 {[%emt 0:00:02][%mdl 4096] Endgame KRR-KRR} Kg7 32. Rce2 Kf8 33. Re4 Rb8 34. g4 hxg4 (34... b5 $11 {feels stronger.}) 35. Rh1 Kg7 {[%emt 0:00:37] Prevents Rh8.} 36. Rxg4 Rh8 37. Rxh8 Kxh8 {[%emt 0:00:06] KR-KR} 38. Kf3 Kg7 39. Ke3 Rc8 40. Re4 Re8 41. Kd3 f6 42. gxf6+ Kxf6 43. Rh4 Kg7 44. Ke3 Rf8 45. Re4 Rf7 46. Re6 Kh7 47. a3 a5 48. f3 Kg7 49. Kf2 Kh7 50. Kg3 Kg7 51. Kg4 Kh7 52. f4 Kg7 53. b4 axb4 54. axb4 Kh6 {[%emt 0:02:08] [#]} ({Better is} 54... Kh7 $14) 55. Re3 (55. Kf3 $1 $16) 55... Kg7 $14 56. Ra3 {[%emt 0:01:02] And now Ra6 would win.} Rf8 {[%emt 0:00:56] The position is equal.} 57. Ra7 Kf6 {[%emt 0:00:24] aiming for ...Rc8.} 58. Rc7 {[%emt 0:00:53] Repels Rc8} b5 59. c5 dxc5 60. Rc6+ Kf7 61. Rxc5 Rb8 62. Kg5 Rb7 63. f5 gxf5 64. Kxf5 Ke8 65. Ke5 Kd7 66. Rc6 Rc7 67. Rb6 Rc1 68. Rb7+ Kd8 69. Rxb5 Re1+ 70. Kd4 Kc7 71. Rc5+ Kb6 72. Rc8 Rd1+ 73. Ke5 Re1+ 74. Kf5 Kb5 75. Kg6 Kxb4 76. Kf5 Kb5 77. Rc6 Kb4 78. Kg6 Re5 79. Kf7 {[%emt 0:00:26] Weighted Error Value: White=0.12 (very precise) /Black=0.09 (flawless)} 1/2-1/2

[Event "Czech Championship U20 Open 2023"]
[Site "Jaromerice nad Rokytnou"]
[Date "2023.03.15"]
[Round "8.4"]
[White "Mach, Petr"]
[Black "Frank, Adam"]
[Result "1/2-1/2"]
[ECO "A39"]
[WhiteElo "2167"]
[BlackElo "2391"]
[Annotator "TA"]
[PlyCount "64"]
[EventDate "2023.03.10"]
[EventType "tourn"]
[EventCountry "CZE"]
[SourceTitle "playchess.com"]
[Source "ChessBase"]
[SourceQuality "1"]
[TimeControl "40/5400+30:1800+30"]

1. Nf3 Nf6 2. g3 g6 3. Bg2 Bg7 4. O-O c5 5. c4 O-O 6. Nc3 Nc6 7. d4 cxd4 8. Nxd4 Nxd4 {[%emt 0:00:04] 8...Qa5 is the hot move.} 9. Qxd4 d6 10. Rd1 Bf5 {[%emt 0:10:46] A39: Symmetrical English vs ...g6: 4 Bg2 Bg7 5 Nf3 Nf6 6 0-0 0-0 7 d4.} (10... Be6 $11) 11. Bxb7 {[%emt 0:06:44] [#]} (11. Qf4 $14) 11... Ne4 $1 $11 {[%emt 0:00:05][%mdl 64] Deflection} 12. Qe3 Nxc3 {[%emt 0:00:05] The position is equal.} 13. bxc3 Rb8 {[%emt 0:00:04] [#]} 14. Bd5 $146 ({Predecessor:} 14. Be4 Bxe4 15. Qxe4 Bxc3 16. Rb1 Rxb1 17. Qxb1 Qc7 18. Qb3 Be5 19. Be3 Rb8 20. Qa4 Kg7 21. Kf1 a5 22. Bd2 Rb2 23. a3 Qc8 24. Qxa5 Qxc4 25. Rc1 {1-0 Cabral,R (1914)-Pakselev,S FRA AJEC 70 jub op Gr-36 email 2007}) 14... Qc7 15. Ba3 Rfc8 {[%emt 0:05:00][%mdl 1024] Black has compensation.} 16. Rac1 Bf6 (16... Rb6 $15) 17. Rd2 Kg7 18. Bb4 h5 19. h4 a5 (19... e6 $15 20. Bg2 d5) 20. Ba3 Qd7 21. c5 e6 (21... dxc5 $1 $11 22. Bg2 (22. Bxc5 Rxc5 23. Qxc5 e6 $17) 22... Qe6) 22. c6 $16 Qd8 23. Bf3 d5 {[%emt 0:00:11] [#]} 24. Qc5 {[%emt 0:00:27] White is more active.} (24. Bc5 $1 $16) 24... Qb6 (24... Qe8 $15 {might be stronger.}) 25. c4 $11 {[%emt 0:02:22] aiming for Qxb6.} Rxc6 26. Qxb6 Rbxb6 27. cxd5 Rxc1+ 28. Bxc1 Rb1 29. Rd1 {[%emt 0:00:06] Strongly threatening e4.} exd5 (29... Bc2 $5 30. Re1 Ra1 $11) 30. Bxd5 {[%emt 0:01:09] Threatens to win with e4. White is slightly better.} Ra1 31. Bb3 Be6 32. Bd2 {[%emt 0:01:36] Prevents Bc3. Hoping for Rxa1.} a4 {[%emt 0:02:16] Weighted Error Value: White=0.20 (precise) /Black=0.18 (very precise)} 1/2-1/2

[Event "Czech Championship U20 Open 2023"]
[Site "Jaromerice nad Rokytnou"]
[Date "2023.03.15"]
[Round "8.5"]
[White "Ocelak, Jakub"]
[Black "Kubiczek, Michal"]
[Result "1/2-1/2"]
[ECO "A15"]
[WhiteElo "2190"]
[BlackElo "2087"]
[Annotator "TA"]
[PlyCount "70"]
[EventDate "2023.03.10"]
[EventType "tourn"]
[EventCountry "CZE"]
[SourceTitle "playchess.com"]
[Source "ChessBase"]
[SourceQuality "1"]
[TimeControl "40/5400+30:1800+30"]

1. c4 Nf6 2. g3 e6 3. Bg2 d5 4. Nf3 Be7 5. d4 O-O 6. Nc3 c6 7. Qd3 b6 8. O-O Ba6 9. b3 Nbd7 10. e4 Rc8 (10... dxc4 $11 {is superior.} 11. bxc4 e5) 11. e5 $14 {[%emt 0:07:24] E07: Closed Catalan: Main Line (5 Nf3 0-0 6 0-0 Nbd7).} dxc4 12. bxc4 Nd5 {[%emt 0:00:22] [#]} 13. Rd1 $146 ({Better is} 13. a4 $1 $14) ({Predecessor:} 13. Ne4 Nb4 14. Qb3 c5 15. Rd1 cxd4 16. Rxd4 Nc6 17. Rd1 Qc7 18. Nd6 Rcd8 19. Bf4 {0-1 Kunin,V (2548)-Obolenskikh,D (2467) Moscow Aeroflot op-B 10th 2011 (4)}) 13... Qc7 (13... c5 $11 {remains equal.}) 14. Ne4 $1 $16 c5 {[%emt 0:04:44] [#]} 15. Qb3 $1 (15. Neg5 g6 $14) 15... Nb4 {[%emt 0:02:55] [#]} 16. Nd6 Rcd8 $1 $14 (16... Bxd6 17. exd6 Qd8 18. Ne5 $16) 17. Ba3 Nc6 18. Nb5 (18. Qa4 $5 Na5 19. Qc2 $14) 18... Qb8 19. Qa4 Na5 20. Re1 (20. Rab1 $11) 20... Bb7 $15 21. Rad1 a6 22. Nd6 Bc6 23. Qc2 cxd4 ({Resist} 23... Bxd6 24. exd6 cxd4 25. Rxd4 $16 (25. Nxd4 Bxg2 26. Kxg2 Rc8 $17)) 24. Rxd4 {[%emt 0:01:15] [#]} Nxe5 $1 25. Nxe5 (25. Rxe5 Bxd6) 25... Bxg2 26. Kxg2 {[%emt 0:00:25] Threatens to win with Red1.} Bxd6 27. Rh4 f5 (27... Bxa3 $2 28. Qxh7#) 28. Bb2 Be7 29. Rh3 (29. Rd4 $142) 29... Bf6 $17 30. Qe2 Qc7 (30... Qb7+ $17 31. Kg1 Nc6 32. Nxc6 Qxc6 33. Bxf6 Rxf6) 31. Kg1 (31. Qh5 $1 $15 g5 32. g4) 31... Nc6 32. Nd3 $2 (32. Nxc6 $17 Qxc6 33. Bxf6 Rxf6 34. Rh4) 32... Rde8 $2 (32... Bxb2 $19 33. Nxb2 (33. Qxe6+ $2 {perishes.} Rf7 $19) 33... Nd4) 33. Nf4 (33. Bxf6 $17 gxf6 34. Rh4) 33... Bxb2 $19 34. Qxb2 Rf6 $2 ({Black should play} 34... Qd7 $19 {White must now prevent ...Nd4.} 35. Qc3 (35. Qxb6 $2 {loses.} Nd4 $19) 35... Qd6) 35. Nd5 $16 {[%emt 0:00:50] White is more active.} exd5 $2 {[%mdl 32768] Weighted Error Value: White=0.46/Black=0.57. An unexpected result.} (35... Qd8 $16 {was called for.} 36. Nxf6+ gxf6) 1/2-1/2

[Event "Czech Championship U20 Open 2023"]
[Site "Jaromerice nad Rokytnou"]
[Date "2023.03.15"]
[Round "8.6"]
[White "Hrbek, Stepan"]
[Black "Jun, Rudolf"]
[Result "0-1"]
[ECO "B24"]
[WhiteElo "2340"]
[BlackElo "2152"]
[Annotator "TA"]
[PlyCount "78"]
[EventDate "2023.03.10"]
[EventType "tourn"]
[EventCountry "CZE"]
[SourceTitle "playchess.com"]
[Source "ChessBase"]
[SourceQuality "1"]
[TimeControl "40/5400+30:1800+30"]

1. e4 c5 2. Nc3 Nc6 3. Bb5 g6 4. Bxc6 dxc6 5. d3 Bg7 6. Be3 b6 7. f4 {[%emt 0:00:30] B23: Closed Sicilian: Lines without g3.} Nf6 8. Nf3 O-O {[%emt 0:03:13] [#]} 9. Qe2 $146 {[%emt 0:01:54] White is slightly better.} ({Predecessor:} 9. Qd2 Qc7 10. h3 Rd8 11. Qe2 Nh5 12. Qd2 c4 13. d4 b5 14. g4 Nf6 15. e5 {½-½ Puranik,A (2584)-Leenhouts,K (2414) Titled Tuesday intern op 14th April blitz 2020 (4)}) 9... Nh5 10. O-O Bg4 11. Qf2 Bxf3 12. Qxf3 {[%emt 0:00:15] Threatens to win with e5.} Bd4 13. Ne2 Bxe3+ (13... Bxb2 $11 14. Rab1 Bd4) 14. Qxe3 $14 e6 15. a4 Qd6 16. e5 Qd7 17. Nc3 f5 18. a5 Qd4 (18... Ng7 $14) 19. Qxd4 $16 cxd4 20. Na4 (20. Ne2 $16) 20... Rab8 $14 21. Ra3 Kf7 ({Black should try} 21... Rfc8 $14) 22. g3 (22. axb6 $16 axb6 23. Rb3) 22... g5 23. fxg5 {[%emt 0:01:24] And now axb6 would win.} Kg6 24. Rb3 Kxg5 25. axb6 axb6 26. Rxb6 {[%emt 0:01:00][%cal Oa4c5] Strongly threatening Nc5!} Rxb6 (26... f4 $16) 27. Nxb6 $16 {[%emt 0:00:11][%mdl 4096] Endgame KRN-KRN} f4 28. Nc4 Rf5 $2 {[%emt 0:04:33] [#]} (28... Ra8) 29. Nd6 $18 Rf8 30. Kg2 Rb8 31. b3 Ra8 32. gxf4+ $2 (32. Kh3 $18) 32... Nxf4+ $16 33. Kf3 Rf8 $2 {[%emt 0:01:48][%mdl 8192] Loses the game.} (33... Nd5 $16) 34. Ke4 $18 {[%emt 0:01:28] White is clearly winning.} h5 35. Ne8 {[%emt 0:07:31][%mdl 64] [#] Deflection} (35. Kxd4 $2 {too greedy.} Ne2+ 36. Ke3 Rxf1 $19) 35... c5 (35... Rxe8 $142 36. Rxf4 c5 37. h4+ Kh6 38. Rf6+ Kg7) 36. Nf6 {[%emt 0:00:14] aiming for Nh7+.} Ne2 37. Nh7+ {[%emt 0:02:21][%mdl 64] Discovered Attack, Double Attack} Kg4 38. Rg1+ (38. Nxf8 $2 Nc3#) 38... Nxg1 39. Nxf8 Ne2 {[%emt 0:00:37][%mdl 32768] Weighted Error Value: White=0.26 (precise) /Black=0.47. Loss on time!?} 0-1

[Event "Czech Championship U20 Open 2023"]
[Site "Jaromerice nad Rokytnou"]
[Date "2023.03.16"]
[Round "9.1"]
[White "Jun, Rudolf"]
[Black "Hlavina, Matous"]
[Result "1/2-1/2"]
[ECO "C01"]
[WhiteElo "2152"]
[BlackElo "2091"]
[Annotator "TA"]
[PlyCount "41"]
[EventDate "2023.03.10"]
[EventType "tourn"]
[EventCountry "CZE"]
[SourceTitle "playchess.com"]
[Source "ChessBase"]
[SourceQuality "1"]
[TimeControl "40/5400+30:1800+30"]

1. e4 e6 2. d4 d5 3. exd5 exd5 4. Nf3 Nf6 5. h3 Bf5 6. Bd3 {[%emt 0:00:57] C01: French: Exchange Variation.} Bxd3 7. Qxd3 c6 {[%emt 0:01:16] Repels Qb5} 8. O-O {[%emt 0:00:42][%cal Bh1f1,Bf1e1,Be1e2][%mdl 32] White has an edge.} Be7 9. Nc3 (9. Qb3 $14) 9... O-O $11 10. Re1 Nbd7 11. Bf4 Re8 12. Re2 Bb4 13. Ne5 {[%emt 0:04:37] [#]} Nxe5 $146 ({Predecessor:} 13... Nh5 14. Bh2 Bd6 15. Nxf7 Bxh2+ 16. Kxh2 Kxf7 17. Qf3+ Nhf6 18. Rae1 Qc7+ {0-1 Attuati,S (1455)-Saccani,E (1800) Crema op 12th 2010 (3)}) 14. Bxe5 {[%emt 0:01:46] The position is equal.} Nd7 15. Bg3 Nf6 16. Be5 Nd7 17. Bg3 Nf6 18. Be5 Nd7 19. Bg3 Nf6 20. Be5 Nd7 21. Bg3 {Weighted Error Value: White=0.05 (flawless) /Black=0.09 (flawless)} 1/2-1/2

[Event "Czech Championship U20 Open 2023"]
[Site "Jaromerice nad Rokytnou"]
[Date "2023.03.16"]
[Round "9.2"]
[White "Kubiczek, Michal"]
[Black "Hrbek, Stepan"]
[Result "0-1"]
[ECO "A40"]
[WhiteElo "2087"]
[BlackElo "2340"]
[Annotator "TA"]
[PlyCount "150"]
[EventDate "2023.03.10"]
[EventType "tourn"]
[EventCountry "CZE"]
[SourceTitle "playchess.com"]
[Source "ChessBase"]
[SourceQuality "1"]
[TimeControl "40/5400+30:1800+30"]

1. d4 Nf6 2. c4 e6 3. g3 c5 4. Nf3 cxd4 5. Nxd4 d5 6. Bg2 e5 7. Nf3 d4 8. O-O Nc6 {[%emt 0:00:19] [#]} 9. b4 {[%emt 0:09:48] E01: Catalan: Early deviations.} e4 $1 $15 (9... Bxb4 10. Nxe5 Nxe5 11. Qa4+ Nc6 12. Bxc6+ bxc6 13. Qxb4 $11) 10. Ng5 Bxb4 11. Nxe4 {[%emt 0:02:47] Black is slightly better.} Nxe4 12. Bxe4 Bh3 13. Bg2 {[%emt 0:01:12] White is weak on the dark squares} Bxg2 14. Kxg2 O-O 15. Bb2 Qe7 {[%emt 0:03:20] White must now prevent ...Rfe8.} 16. a3 Ba5 (16... Qe4+ $2 17. f3 Qe6 18. axb4 $18) 17. Nd2 Rfe8 {[%emt 0:02:51] Black is much more active.} 18. Nb3 Rad8 ({Worse is} 18... Qxe2 19. Qxe2 Rxe2 20. Bxd4 $15) (18... Bc3 19. Bxc3 dxc3 20. Qd3 $15) 19. Nxa5 Nxa5 20. Qa4 {[%emt 0:01:43] [#]} Nc6 $146 (20... Qxe2 $2 21. Rae1 Qxe1 22. Rxe1 Rxe1 23. Qxa5 $18) ({Predecessor:} 20... Qe4+ 21. f3 Qxe2+ 22. Rf2 Qe5 23. Rd1 Nc6 24. Qb5 Qe7 25. Rfd2 Rd7 26. Bxd4 Red8 27. Qb2 Nxd4 28. Rxd4 Qf6 {0-1 Komissarov,A (2316)-Tarasov,A (2311) Moscow Botvinnik Memorial-A 2015 (1)}) 21. Rfe1 Qe4+ $1 22. Kg1 d3 $2 (22... h5 $1 $19 23. Rad1 h4) 23. exd3 $11 Qxe1+ 24. Rxe1 Rxe1+ 25. Kg2 Rxd3 26. Qc2 Red1 (26... Rdd1 $11) 27. Qe2 $14 {[%emt 0:00:32][%cal Re2e8][%mdl 1024] White has compensation.} Rd8 {[%emt 0:00:52] Against Qe8+} (27... Kf8 $1 $14) 28. Qg4 $16 g6 29. Bf6 {[%emt 0:02:16] Inhibits R1d2.} R8d3 30. Qe2 Kf8 {[%emt 0:00:11] [#] Inhibits Qe8+.} 31. Qg4 ({White should play} 31. Bg5 $1 $16 {[%cal Rg5h6] Intending Bh6+ and mate.} Kg8 32. Bf6) 31... Ke8 32. Qc8+ Nd8 33. Qc7 Re1 {[%emt 0:00:44] Against Qe7+} 34. c5 h5 35. a4 Rd7 {[%emt 0:00:25] The board is on fire.} 36. Qb8 Re6 {[%emt 0:00:20] Prevents a5.} 37. Bxd8 Rxd8 38. Qxb7 $11 {[%emt 0:00:07][%cal Oc5c6][%mdl 4096] Endgame KQ-KRR} Re7 {[%emt 0:03:41] Prevents c6} 39. Qb5+ Kf8 40. c6 Kg8 41. Qg5 Rde8 42. Qc5 {[%emt 0:00:00] c7 would be deadly.} Rc7 43. Qa5 Rxc6 44. Qxa7 Rcc8 45. Qb7 Ra8 46. Qc6 Red8 47. Kf3 Ra5 48. h4 (48. h3 $11) 48... Rda8 $17 49. g4 (49. Kg2 $17) 49... R5a6 ({Not} 49... Rxa4 50. gxh5 gxh5 51. Kg2 $15) (49... hxg4+ $19 50. Kxg4 Rxa4+ 51. Kg3 R4a6) 50. Qd7 $2 (50. Qc1 $17 {is a better chance.}) 50... hxg4+ $19 ({Stronger than} 50... Rxa4 51. gxh5 gxh5 52. Qc7 $15) 51. Kxg4 (51. Kg3 $142 Rxa4 52. Qd6) 51... Rxa4+ 52. f4 R4a5 53. Qc6 Rf8 54. Qc7 Rf5 55. Qd7 Rb8 (55... Ra8 $142 56. Kf3 Ra3+ 57. Ke4 Ra1 58. Qc8+ Kh7) 56. Qe7 (56. Qd4 $142 Rb1 57. Qc4) 56... Rc8 {[%emt 0:00:29] Strongly threatening ...Rc4.} 57. Qe4 {[%emt 0:00:23] Repels Rc4} Rd8 (57... Rc1 $142 {Threatens to win with ...Rf1.} 58. Qe2 Rcc5) 58. Qa4 $2 (58. Qc4 {was necessary.}) 58... Rd6 {[%emt 0:01:06] And now ...Rdf6 would win.} 59. Qe8+ $2 {[%emt 0:00:37] [#]} (59. Kg3) 59... Kg7 $1 {[%emt 0:00:10] Hoping for ...Rd4.} 60. Qe2 Rdf6 61. Kg3 Rxf4 62. Qe5 R4f5 63. Qa1 Kh7 64. Kg4 Rf3 65. Qc1 {[%emt 0:02:08] [#]} R6f4+ $1 {[%emt 0:00:46][%mdl 64] Skewer} 66. Qxf4 Rxf4+ 67. Kxf4 {[%emt 0:00:02] KPP-KP. Black mates.} Kh6 68. Kg3 Kh5 69. Kh3 f6 70. Kg3 f5 71. Kh3 f4 72. Kg2 Kxh4 73. Kf3 g5 74. Ke4 Kg3 75. Kd4 f3 {[%emt 0:00:09] Both players deserved the win here.   Weighted Error Value: White=0.64/Black=0.33} 0-1

[Event "Czech Championship U20 Open 2023"]
[Site "Jaromerice nad Rokytnou"]
[Date "2023.03.16"]
[Round "9.3"]
[White "Frank, Adam"]
[Black "Ocelak, Jakub"]
[Result "1-0"]
[ECO "C65"]
[WhiteElo "2391"]
[BlackElo "2190"]
[Annotator "TA"]
[PlyCount "117"]
[EventDate "2023.03.10"]
[EventType "tourn"]
[EventCountry "CZE"]
[SourceTitle "playchess.com"]
[Source "ChessBase"]
[SourceQuality "1"]
[TimeControl "40/5400+30:1800+30"]

1. e4 e5 2. Nf3 Nc6 3. Bb5 Nf6 4. d3 Bc5 5. c3 d5 6. exd5 {[%emt 0:00:05] C65: Ruy Lopez: Berlin Defence (3...Nf6), unusual lines and 4 0-0 Bc5.} Qxd5 7. Bc4 Qd6 8. Nbd2 {[%emt 0:00:20] The position is equal.} (8. b4 $5 Bb6 $8 9. O-O $11) 8... Bf5 9. Ng5 O-O (9... Bxd3 {seems wilder.} 10. Bxf7+ Ke7 11. Nc4 Bxc4 12. Qxd6+ cxd6 13. Bxc4 d5) 10. b4 Bb6 11. Nde4 Bxe4 12. Nxe4 Nxe4 13. dxe4 Qxd1+ 14. Kxd1 {[%emt 0:00:04] [#]} a5 $146 ({Predecessor:} 14... Bxf2 15. g3 Ne7 16. a4 a5 17. Ke2 Bb6 18. Bg5 Nc8 19. b5 h6 20. Bc1 Nd6 {1-0 Daggupati,B (2488)-Espinosa,P (2130) USA-ch U20 Saint Louis 2022 (1)}) 15. b5 Ne7 (15... Nd8 $14) 16. Ba3 $16 Rfd8+ 17. Ke2 Nc8 18. Bd5 Rb8 {[%emt 0:03:38] Black is weak on the light squares} 19. Rhd1 Nd6 20. Rab1 g6 21. Rf1 (21. Rd3 $16) 21... Kg7 22. f4 (22. g4 $16) 22... exf4 $11 23. Rxf4 f5 24. c4 $1 {[%emt 0:10:57] Threatens to win with c5.} Bd4 25. exf5 Nxf5 {[%emt 0:02:24] [#]} (25... Be5 $1 $14 26. Bxd6 Rxd6) 26. g4 (26. Kd3 $1 $16 {Hoping for g4.} Bf6 27. g4) 26... Re8+ 27. Re4 Rxe4+ 28. Bxe4 Nd6 (28... Ne3 $1 $11) 29. Bd5 $14 b6 30. Bc1 Rf8 (30... Bf6 $14) 31. Kd3 $16 Be5 32. Be3 {[%emt 0:00:03] Against Rf2} h6 33. h3 (33. Re1 $142) 33... Rd8 ({Black should try} 33... a4) 34. a4 Bf6 35. Bf4 Rd7 36. Re1 Nb7 {[%emt 0:00:53] [#]} 37. Be3 $1 {[%emt 0:01:06] White has more active pieces.} Nd6 38. Rf1 Be5 ({Black should play} 38... Nf7) 39. c5 ({Better is} 39. h4 $16) 39... bxc5 $1 $11 (39... Nxb5 $2 40. axb5 Rxd5+ 41. Ke4 $18) 40. Bxc5 Re7 $2 {[%emt 0:00:40] Black is on the road to losing.} (40... Nxb5 $1 $11 41. Bf8+ Kh7) 41. Bc6 Re6 42. Re1 Kf6 43. Be3 {[%emt 0:00:00] A strong pair of Bishops.} Nc8 44. Bxh6 Rd6+ 45. Kc2 Nb6 46. Re4 Re6 $2 (46... g5 47. Bxg5+ Kxg5) 47. Bd2 $18 {[%emt 0:00:00] White is clearly winning.} Bd6 48. Bc3+ ({Weaker is} 48. Bxa5 Rxe4 49. Bxe4 Nxa4 $18) 48... Ke7 49. Kb3 Rxe4 50. Bxe4 {[%emt 0:00:00][%mdl 4096] Endgame KBB-KBN} Nd7 51. Bxg6 Nc5+ 52. Kc4 Nxa4 53. Bxa5 Kf6 54. Bf5 Ke5 55. Be1 {[%emt 0:00:00] And now Bg3+ would win.} Nb6+ 56. Kd3 {[%emt 0:00:00] Strongly threatening Bg3+.} Kf4 {[%emt 0:01:11] Wards off Bg3+} 57. h4 Nd5 58. h5 Be5 59. Bd2+ {[%emt 0:00:00] Weighted Error Value: White=0.15 (very precise) /Black=0.38} 1-0